 Dungeon Crawl Stone Soup version 0.21-a0-506-ga0ee87aef2 (webtiles) character file.

34568 GordonOverkill the Severer (level 13, 0/101 HPs)
             Began as a Mummy Artificer on Nov 27, 2017.
             Was an Initiate of Gozag.
             Slain by Rupert
             ... wielding a +2 great sword of electrocution
              (15 damage)
             ... on level 6 of the Lair of Beasts.
             The game lasted 00:54:27 (26710 turns).

GordonOverkill the Severer (Mummy Artificer)       Turns: 26710, Time: 00:54:28

Health: 0/101      AC: 12    Str: 19    XL:     13   Next: 42%
Magic:  18/18      EV:  8    Int: 11    God:    Gozag
Gold:   785        SH:  0    Dex: 13    Spells: 12/12 levels left

rFire    . . .     SeeInvis .   a - +10 war axe of Wisdom {chop, MR+}
rCold    + . .     Gourm    .   (no shield)
rNeg     + + +     Faith    .   z - +0 chain mail {rF+}
rPois    ∞         Spirit   .   (no helmet)
rElec    .         Reflect  .   d - scarf {cloud immunity}
rCorr    .         Harm     .   n - +1 pair of gloves
MR       ++...                  (no boots)
Stlth    ..........             u - amulet of regeneration
HPRegen  0.66/turn              c - ring of wizardry
MPRegen  0.16/turn              (no ring)

@: gold aura
A: no food or potions, fire vulnerability, cold resistance 1, negative energy
resistance 3, torment resistance, unbreathing, in touch with death 1
a: Potion Petition, Call Merchant, Bribe Branch, Renounce Religion


You were on level 6 of the Lair of Beasts.
You worshipped Gozag.
Gozag was pleased with you.
You were not hungry.

You visited 2 branches of the dungeon, and saw 17 of its levels.
You also visited: Sewer and Volcano.

You collected 3941 gold pieces.
You spent 2328 gold pieces at shops.
You paid 828 gold pieces to Gozag.

Inventory:

Hand Weapons
 a - the +10 war axe of Wisdom (weapon) {chop, MR+}
   (You found it on level 6 of the Lair of Beasts)

   It inflicts extra damage upon your enemies.
   It affects your resistance to hostile enchantments.
 b - a +2 battleaxe of flaming
Armour
 d - a scarf of cloud immunity (worn)
 h - a +0 shield
 n - a +1 pair of gloves (worn)
 z - a +0 chain mail of fire resistance (worn)
Jewellery
 c - a ring of wizardry (left hand)
 l - a +3 amulet of reflection
 u - an amulet of regeneration (around neck)
Wands
 k - a wand of digging (20)
 p - a wand of acid (3)
 s - a wand of polymorph (24)
 v - a wand of clouds (3)
 w - a wand of paralysis (14)
Scrolls
 e - 6 scrolls of magic mapping
 f - 12 scrolls of teleportation
 g - 8 scrolls of enchant weapon
 i - 3 scrolls of amnesia
 j - 11 scrolls of identify
 o - 10 scrolls of remove curse
 r - 3 scrolls of summoning
Miscellaneous
 q - a phial of floods


   Skills:
 - Level 9.0 Fighting
   Level 1.0 Short Blades
 + Level 15.3 Axes
 - Level 5.0 Armour
 - Level 2.0 Dodging
 - Level 0.7 Stealth
 - Level 7.0 Evocations


You had 12 spell levels left.
You didn't know any spells.

Dungeon Overview and Level Annotations

Branches:
Dungeon (11/15)            Temple (0/1) D:4            Lair (6/6) D:11
 Shoals (0/4) Lair:2       Spider (0/4) Lair:2        Slime (0/5) Lair:5
    Orc (0/2) D:11

Altars:
Ashenzari
Gozag
Hepliaklqana
Nemelex Xobeh
Okawaru
Ru
Sif Muna
Trog
Uskayaw
Wu Jian
The Shining One
Jiyva

Shops:
D:5 }   D:8 }

Annotations:
D:3 Sigmund
Lair:6 Rupert


Innate Abilities, Weirdness & Mutations

You do not eat or drink.
Your flesh is vulnerable to fire.
You are immune to poison.
Your flesh is cold resistant. (rC+)
You are immune to negative energy. (rN+++)
You are immune to unholy pain and torment.
You can survive without breathing.
You are in touch with the powers of death.


Message History

You no longer have enough gold to fund merchants seeking to open stores in the dungeon.
You feel much better.
You feel better.
Rupert is no longer covered in acid.
Rupert is engulfed in poison gas.
Rupert looks even sicker.
Rupert hits you but does no damage.
You completely miss Rupert.
Rupert is heavily wounded.
Rupert is engulfed in poison gas.
Rupert looks even sicker.
Rupert hits you with a great sword of electrocution!!
You slice Rupert!!
Rupert is heavily wounded.
Rupert is engulfed in poison gas.
Rupert looks as sick as possible!
Rupert barely misses you.
You barely miss Rupert.
Rupert is heavily wounded.
Rupert looks as sick as possible!
Rupert hits you with a great sword of electrocution!!
* * * LOW HITPOINT WARNING * * *
You are electrocuted!
You die...
Your body crumbles into a pile of gold.

≈≈≈P≈≈PP≈≈.........#..p.#....♣#.
≈≈≈≈≈P≈≈PP.......###..####....#.
≈≈≈≈P≈≈≈P≈.(.......#.#..#.....#
≈≈≈≈≈≈≈PP............#..##....##
≈≈≈≈≈≈P≈P..................p....
≈≈≈≈≈P≈≈....................p...
≈≈≈≈≈≈≈≈≈P...................ppp
≈≈≈≈≈≈≈P≈.......................
P≈P≈≈≈P≈≈≈.....@§...............
♣♣≈≈≈≈≈≈≈≈.....§@§§......p......
♣♣♣............§§§§§...........
.............§§§§§...........
...............§§§§.. $
................§§§§..
..................
.................
.....(♣..♣♣....♣


You could see Rupert (berserk).

Vanquished Creatures
  Kirke (Lair:6)
  3 hydras
  An ogre mage (Volcano)
  6 two-headed ogres (Volcano)
  4 death yaks
  A hell knight (Volcano)
  A merfolk siren (Lair:2)
  4 black mambas
  Psyche (D:8)
  5 elephants (Lair:6)
  9 spiny frogs
  3 rime drakes (Lair:6)
  6 komodo dragons
  2 wyverns
  A polar bear (Lair:4)
  A troll (D:10)
  4 dream sheep (Lair:5)
  8 blink frogs
  Grinder (D:3)
  8 hippogriffs
  16 yaks
  3 hogs (Lair:6)
  5 porcupines
  8 water moccasins
  Duvessa (D:6)
  4 orc warriors
  A black bear (D:9)
  2 ice beasts
  2 phantoms
  A sky beast (D:9)
  3 ogres
  9 wolves
  4 centaurs
  11 crocodiles
  A big kobold (D:10)
  6 bullfrogs
  Dowan (D:6)
  3 scorpions
  6 wights
  5 electric eels
  2 howler monkeys
  2 crimson imps
  A bullfrog zombie (D:9)
  8 jellies
  3 orc priests
  7 hounds
  A bullfrog skeleton (D:9)
  A centaur skeleton (D:4)
  Terence (D:3)
  2 iguanas
  3 orc wizards
  6 worker ants
  A hound zombie (D:9)
  A hound skeleton (D:8)
  A worker ant zombie (D:5)
  11 adders
  A gnoll (D:3)
  A shadow imp (D:8)
  3 oozes
  3 adder skeletons
  A dart slug (D:2)
  5 leopard geckos
  22 orcs
  6 ball pythons
  7 giant cockroaches
  8 goblins
  13 hobgoblins
  22 jackals
  3 quokkas
  14 bats
  6 frilled lizards
  A jackal zombie (D:9)
  15 kobolds
  A leopard gecko skeleton (D:6)
  A quokka skeleton (D:9)
  9 rats
  2 fungi
  3 plants
360 creatures vanquished.

Vanquished Creatures (collateral kills)
  2 death yaks (Lair:3)
  A yak (D:10)
  A hungry ghost (D:10)
  An ogre (D:7)
  2 wights (D:10)
  An orc wizard (D:11)
  An iguana (D:9)
  2 gnolls (D:3)
  An adder (D:7)
  2 orcs
  A bat (D:2)
  A goblin (D:2)
16 creatures vanquished.

Vanquished Creatures (others)
  A human (Lair:6)
  An ogre (D:10)
  A scorpion (D:9)
  A ball python (D:2)
  A jackal (D:2)
  A kobold (D:3)
  10 fungi
  21 plants
37 creatures vanquished.

Grand Total: 413 creatures vanquished

Notes
Turn   | Place    | Note
-------+----------+-------------------------------------------
     0 | D:1      | GordonOverkill the Mummy Artificer began the quest for the Orb.
     0 | D:1      | Reached XP level 1. HP: 15/15 MP: 2/2
    39 | D:1      | Reached skill level 1 in Short Blades
   345 | D:1      | Reached XP level 2. HP: 16/21 MP: 3/3
  1473 | D:2      | Reached XP level 3. HP: 27/27 MP: 5/5
  1685 | D:1      | Reached skill level 1 in Axes
  2286 | D:2      | Reached XP level 4. HP: 26/33 MP: 6/6
  2608 | D:2      | Found a glowing golden altar of the Shining One.
  2821 | D:3      | Found a sparkling altar of Nemelex Xobeh.
  2822 | D:3      | Noticed Grinder
  2857 | D:3      | Killed Grinder
  2857 | D:3      | Reached skill level 2 in Axes
  2857 | D:3      | Reached XP level 5. HP: 40/41 MP: 7/7
  2857 | D:3      | Reached XP level 6. HP: 46/47 MP: 8/8
  2922 | D:3      | Found an opulent altar of Gozag.
  2922 | D:3      | Found an iron altar of Okawaru.
  2925 | D:3      | Became a worshipper of Gozag Ym Sagoz the Greedy
  3003 | D:3      | Noticed Sigmund
  3240 | D:3      | Noticed Terence
  3329 | D:3      | Killed Terence
  3489 | D:3      | Found a hazy altar of Hepliaklqana.
  3968 | D:4      | Found a deep blue altar of Sif Muna.
  4076 | D:4      | Found a staircase to the Ecumenical Temple.
  4143 | D:4      | Reached skill level 3 in Axes
  4630 | D:4      | Noticed a hand axe
  4630 | D:4      | Noticed a dagger
  4637 | D:4      | Found a hide-covered altar of Uskayaw.
  4662 | D:4      | Reached XP level 7. HP: 34/54 MP: 10/10
  4996 | D:4      | Reached skill level 4 in Axes
  5341 | D:5      | Entered Level 5 of the Dungeon
  5979 | D:5      | Found Koeblaol's Gadget Boutique.
  6069 | D:5      | Found a bloodstained altar of Trog.
  6395 | D:5      | Reached XP level 8. HP: 58/61 MP: 11/11
  6738 | D:6      | Reached skill level 5 in Axes
  6748 | D:6      | Reached skill level 5 in Fighting
  6889 | D:6      | Found a glowing drain.
  6898 | Sewer    | Entered a sewer
  7350 | D:6      | Reached skill level 5 in Evocations
  7404 | D:6      | Found an ornate altar of the Wu Jian Council.
  7604 | D:6      | Noticed Dowan
  7608 | D:6      | Noticed Duvessa
  7714 | D:6      | Killed Duvessa
  7716 | D:6      | Killed Dowan
  7998 | D:6      | Reached skill level 6 in Axes
  8559 | D:7      | Reached skill level 7 in Axes
  8559 | D:7      | Reached XP level 9. HP: 34/69 MP: 12/12
  8984 | D:8      | Noticed Psyche
  8992 | D:8      | Killed Psyche
  9115 | D:8      | Found Dunkiar's Gadget Shop.
  9153 | D:8      | Reached skill level 8 in Axes
  9747 | D:8      | Found a sacrificial altar of Ru.
 10007 | D:7      | Reached skill level 9 in Axes
 11589 | D:9      | Reached XP level 10. HP: 31/76 MP: 13/13
 11855 | D:9      | Found a shattered altar of Ashenzari.
 12275 | D:10     | Entered Level 10 of the Dungeon
 12763 | D:10     | Reached skill level 10 in Axes
 14938 | D:11     | Found a staircase to the Orcish Mines.
 14940 | D:11     | Found a staircase to the Lair.
 15182 | Lair:1   | Entered Level 1 of the Lair of Beasts
 15448 | Lair:1   | Noticed a spiny frog
 15462 | Lair:1   | Killed a spiny frog
 15462 | Lair:1   | Reached skill level 11 in Axes
 15733 | Lair:1   | Noticed an eight-headed hydra
 15993 | Lair:1   | Killed an eight-headed hydra
 17097 | Lair:1   | Reached XP level 11. HP: 34/81 MP: 16/16
 18879 | Lair:2   | Reached skill level 12 in Axes
 19816 | Lair:2   | Found a hole to the Spider Nest.
 19898 | Lair:2   | Found a staircase to the Shoals.
 20013 | Lair:2   | You fall through a shaft!
 20035 | Lair:3   | Noticed a death yak
 20036 | Lair:3   | Noticed a death yak
 20667 | Lair:3   | Killed a death yak
 20733 | Lair:3   | Noticed a death yak
 20733 | Lair:3   | Noticed a death yak
 21470 | Lair:3   | Killed a death yak
 21470 | Lair:3   | Reached skill level 13 in Axes
 21801 | Lair:3   | Noticed a death yak
 21848 | Lair:2   | Killed a death yak
 22095 | D:5      | Bought a wand of iceblast (10) for 168 gold pieces
 22095 | D:5      | Bought a wand of digging (6) for 240 gold pieces
 22095 | D:5      | Bought a wand of acid (13) for 408 gold pieces
 22095 | D:5      | Bought a wand of iceblast (5) for 108 gold pieces
 22164 | D:8      | Bought a wand of digging (14) for 468 gold pieces
 22164 | D:8      | Bought a phial of floods for 520 gold pieces
 22164 | D:8      | Bought a wand of acid (12) for 416 gold pieces
 22430 | Lair:3   | Killed a death yak
 22430 | Lair:3   | Reached XP level 12. HP: 93/93 MP: 17/17
 22446 | Lair:3   | Noticed a death yak
 22455 | Lair:3   | Killed a death yak
 22462 | Lair:3   | Killed a death yak
 22769 | Lair:4   | Noticed a four-headed hydra
 22775 | Lair:4   | Killed a four-headed hydra
 23552 | Lair:5   | Found a dark tunnel.
 23560 | Volcano  | Entered a volcano
 23576 | Volcano  | Noticed an ogre mage
 23590 | Volcano  | Killed an ogre mage
 23628 | Volcano  | Found a burning altar of Makhleb.
 23629 | Volcano  | Noticed a two-headed ogre
 23658 | Volcano  | Killed a two-headed ogre
 23765 | Volcano  | Noticed a two-headed ogre
 23769 | Volcano  | Noticed a two-headed ogre
 23777 | Volcano  | Killed a two-headed ogre
 23779 | Volcano  | Noticed a two-headed ogre
 23785 | Volcano  | Killed a two-headed ogre
 23785 | Volcano  | Reached skill level 14 in Axes
 23788 | Volcano  | Noticed a two-headed ogre
 23790 | Volcano  | Noticed a two-headed ogre
 23794 | Volcano  | Killed a two-headed ogre
 23794 | Volcano  | Reached skill level 1 in Armour
 23798 | Volcano  | Killed a two-headed ogre
 23809 | Volcano  | Killed a two-headed ogre
 24771 | Lair:5   | Found a viscous altar of Jiyva.
 24771 | Lair:5   | Found a staircase to the Slime Pits.
 25106 | Lair:6   | Entered Level 6 of the Lair of Beasts
 25551 | Lair:5   | Gained mutation: You are in touch with the powers of death. [Mummy growth]
 25551 | Lair:5   | Reached XP level 13. HP: 92/101 MP: 18/18
 25882 | Lair:6   | Got a slimy war axe
 25883 | Lair:6   | Identified the +10 war axe of Wisdom {chop, MR+} (You found it on level 6 of the Lair of Beasts)
 26345 | Lair:6   | Reached skill level 5 in Armour
 26472 | Lair:6   | Noticed Kirke
 26482 | Lair:6   | Reached skill level 15 in Axes
 26493 | Lair:6   | Killed Kirke
 26694 | Lair:6   | Noticed Rupert
 26710 | Lair:6   | Slain by Rupert

Vault maps used:
D:1:      dpeg_arrival_tiny_c
D:2:      nicolae_tso_swordbearing_angel
D:3:      nemelex_xobeh_ov_fountains_minmay, lemuel_crystal_altar,
          gammafunk_temple_overflow_elements, uniq_terence, uniq_sigmund,
          uniq_grinder
D:4:      dancing_weapons_uskayaw, lemuel_round_altar,
          minmay_temple_entry_statues
D:5:      first_bread, serial_shops, nicolae_shop_crystal, trog_hazing_becter
D:6:      overflow_temple_1_default, portal_sewer_entry_d, uniq_duvessa
D:7:      kennysheep_spiral_hall
D:8:      nicolae_ru_path_of_blood, serial_shops, shop, uniq_psyche
D:9:      ashenzari_conservatory_becter
D:11:     lair_entry_dummy, david_orc_2
Lair:2:   minmay_shoals_entry_lonely_mermaid, dummy_spider_entry
Lair:5:   dpeg_slime_entry_enclosed_altar, lightli_volcano_entry_magma_tube,
          serial_bayou_lake_a, lemuel_fruit_fields
Lair:6:   evil_forest, serial_bayou, serial_bayou_shore_a,
          serial_bayou_crossing, serial_bayou_pond_c, serial_bayou_pond_a,
          serial_bayou_pond_e, serial_bayou_pond_c, minmay_lair_drake_nest,
          uniq_rupert, uniq_kirke
Sewer:    sewer_fruit_machine
Volcano:  kennysheep_volcano_temple

Skill      XL: |  1  2  3  4  5  6  7  8  9 10 11 12 13 |
---------------+----------------------------------------+-----
Short Blades   | 1 |  1.0
Dodging        | 2 |  2.0
Axes           | 1 2 3 4 7 9 11 13 14 15 | 15.3
Fighting       | 2 3 4 6 8 9 |  9.0
Evocations     | 3 4 5 6 7 |  7.0
Armour         | 3 5 |  5.0
Stealth        | |  0.7

Action                   |  1- 3 |  4- 6 |  7- 9 | 10-12 | 13-15 || total
-------------------------+-------+-------+-------+-------+-------++-------
Melee: Hand axe          |   148 |   203 |   655 |   703 |       ||  1709
       Short sword       |    12 |       |       |       |       ||    12
       Whip              |       |       |    18 |       |       ||    18
       Battleaxe         |       |       |       |   111 |    42 ||   153
       Morningstar       |       |       |       |     1 |       ||     1
       War axe           |       |       |       |       |   105 ||   105
Invok: Potion Petition   |       |     1 |       |     3 |     1 ||     5
Evoke: Wand              |    10 |    17 |    50 |    94 |     4 ||   175
       Phial of floods   |       |       |       |     1 |       ||     1
  Use: Scroll            |       |     8 |     4 |    22 |       ||    34
 Stab: Sleeping          |     1 |       |       |     1 |       ||     2
       Confused          |       |     1 |       |       |       ||     1
       Invisible         |       |     1 |       |       |       ||     1
       Paralysed         |       |       |    25 |    24 |       ||    49
       Distracted        |       |       |       |     2 |       ||     2
Armor: Leather armour    |    45 |     3 |       |       |       ||    48
       Ring mail         |       |    48 |       |       |       ||    48
       Scale mail        |       |    34 |   161 |       |       ||   195
       Chain mail        |       |       |   132 |   103 |    69 ||   304
       Plate armour      |       |       |       |   182 |       ||   182
Dodge: Dodged            |   145 |   138 |   279 |   202 |    41 ||   805
Block: Other             |       |    23 |    65 |    45 |       ||   133
       Reflection        |       |       |     2 |       |       ||     2

Table legend:
 A = Spawn XP
 B = Non-spawn XP
 C = Spawn XP percentage of total XP
 D = Spawn monster count
 E = Non-spawn monster count
 F = Spawn count percentage of total count
 G = Total turns spent on level
                    A         B        C        D         E        F      G
               +---------+---------+-------+---------+---------+-------+---------
         Total |       0 |   49384 |   0.0 |       0 |     373 |   0.0 | 26710
               +---------+---------+-------+---------+---------+-------+---------
           D:1 |       0 |      39 |   0.0 |       0 |      21 |   0.0 |  1556
           D:2 |       0 |      80 |   0.0 |       0 |      27 |   0.0 |  1270
           D:3 |       0 |     365 |   0.0 |       0 |      29 |   0.0 |  1064
           D:4 |       0 |     508 |   0.0 |       0 |      12 |   0.0 |  1451
           D:5 |       0 |     563 |   0.0 |       0 |      19 |   0.0 |  1460
           D:6 |       0 |     706 |   0.0 |       0 |      15 |   0.0 |   929
           D:7 |       0 |    1110 |   0.0 |       0 |      25 |   0.0 |  1618
           D:8 |       0 |    1177 |   0.0 |       0 |      12 |   0.0 |  1074
           D:9 |       0 |    1016 |   0.0 |       0 |      26 |   0.0 |  2070
          D:10 |       0 |    2307 |   0.0 |       0 |      35 |   0.0 |  1935
          D:11 |       0 |     599 |   0.0 |       0 |      14 |   0.0 |   948
        Lair:1 |       0 |    2946 |   0.0 |       0 |      12 |   0.0 |  2448
        Lair:2 |       0 |    5979 |   0.0 |       0 |      20 |   0.0 |  2592
        Lair:3 |       0 |    6388 |   0.0 |       0 |      14 |   0.0 |  1950
        Lair:4 |       0 |    2368 |   0.0 |       0 |      10 |   0.0 |   873
        Lair:5 |       0 |    5968 |   0.0 |       0 |      30 |   0.0 |  1783
        Lair:6 |       0 |   10231 |   0.0 |       0 |      27 |   0.0 |   918
         Sewer |       0 |      32 |   0.0 |       0 |      17 |   0.0 |   404
       Volcano |       0 |    7002 |   0.0 |       0 |       8 |   0.0 |   367
               +---------+---------+-------+---------+---------+-------+---------
